 Dungeon Crawl Stone Soup version 0.30.0-10-gfe55d96785 (webtiles) character file.

Game seed: 4489212812873309853

382337 Peloso the Hoplite (level 21, -4/209 HPs)
             Began as a Minotaur Fighter on May 16, 2023.
             Was the Champion of Okawaru.
             Slain by a titan (33 damage)
             ... on level 5 of the Vaults.
             The game lasted 02:34:04 (60488 turns).

Peloso the Hoplite (Minotaur Fighter)              Turns: 60488, Time: 02:34:06

Health: -4/209     AC: 35    Str: 42    XL:     21   Next: 92%
Magic:  0/31       EV: 12    Int:  7    God:    Okawaru [******]
Gold:   3830       SH: 19    Dex: 19    Spells: 20/20 levels left

rFire   . . .        a - +7 Throatcutter {drain, coup de grace}
rCold   + . .        d - +0 kite shield {reflect}
rNeg    + . .        W - +5 plate armour "Repopik" {rPois Str+3 Slay+4 SInv}
rPois   +            x - +1 hat of the Ageless Teeth {MP+9 Dex+5}
rElec   +            Y - +0 cloak of the Tired Blessings {Str+3 Dex+2}
rCorr   .            l - +2 pair of gloves of Oczytz {rN+ Will- Int+2 Slay+3}
SInv    +            G - +2 pair of boots {Fly}
Will    +++..        F - amulet "Dinli" {Spirit Str+6} Stlth
                     o - ring "Kikaovul" {rElec rPois rC+ Will++}
HPRegen 0.54/turn    h - ring of willpower
MPRegen 0.22/turn

%: reflection, guardian spirit
@: flying, constricted, studying Short Blades
A: horns 2, retaliatory headbutt
}: 2/15 runes: serpentine, barnacled
a: Renounce Religion, Heroism, Finesse, Duel


You were on level 5 of the Vaults.
You worshipped Okawaru.
Okawaru was exalted by your worship.
You visited 8 branches of the dungeon, and saw 39 of its levels.
You also visited: Bailey, Gauntlet and Ice Cave.

You collected 5087 gold pieces.
You spent 1257 gold pieces at shops.

Inventory:

Hand Weapons
 a - the +7 Throatcutter (weapon) {drain, coup de grace}
   (You found it on level 2 of the Dungeon)
 b - a +3 vampiric double sword
 c - the +8 long sword of Misery {speed, MP+9}
   (You found it on level 1 of the Elven Halls)

   MP:        It affects your magic capacity (+9).
Armour
 d - a +0 kite shield of reflection (worn)
 l - the +2 pair of gloves of Oczytz (worn) {rN+ Will- Int+2 Slay+3}
   (You found it in a Gauntlet)

   Int:       It affects your intelligence (+2).
   Slay:      It affects your accuracy & damage with ranged weapons and melee
   (+3).
   rN:        It protects you from negative energy.
   Will:      It decreases your willpower.
 s - the +3 kite shield of Daffodils {Rampage rC+}
   (Okawaru gifted it to you on level 2 of the Snake Pit)

   rC:        It protects you from cold.
   Rampage:   It bestows one free step when moving towards enemies.
 x - the +1 hat of the Ageless Teeth (worn) {MP+9 Dex+5}
   (You found it on level 9 of the Dungeon)

   Dex:       It affects your dexterity (+5).
   MP:        It affects your magic capacity (+9).
 G - a +2 pair of boots of flying (worn)
 W - the +5 plate armour "Repopik" (worn) {rPois Str+3 Slay+4 SInv}
   (You found it on level 1 of the Snake Pit)

   Str:       It affects your strength (+3).
   Slay:      It affects your accuracy & damage with ranged weapons and melee
   (+4).
   rPois:     It protects you from poison.
   SInv:      It lets you see invisible.
 Y - the +0 cloak of the Tired Blessings (worn) {Str+3 Dex+2}
   (Okawaru gifted it to you on level 4 of the Lair of Beasts)

   Str:       It affects your strength (+3).
   Dex:       It affects your dexterity (+2).
Jewellery
 h - a ring of willpower (right hand)
 o - the ring "Kikaovul" (left hand) {rElec rPois rC+ Will++}
   (You found it in a Gauntlet)

   [ring of poison resistance]

   rC:        It protects you from cold.
   rElec:     It insulates you from electricity.
   rPois:     It protects you from poison.
   Will:      It greatly increases your willpower.
 v - the ring of Kianodown {Ice rElec Int+2 Dex+2}
   (You took it off an orc knight on level 3 of the Vaults)

   [ring of ice]

   It enhances your ice magic.
   Int:       It affects your intelligence (+2).
   Dex:       It affects your dexterity (+2).
   rF:        It makes you vulnerable to fire.
   rC:        It protects you from cold.
   rElec:     It insulates you from electricity.
 B - a ring of resist corrosion
 C - a ring of see invisible
 F - the amulet "Dinli" (around neck) {Spirit Str+6}
   (You found it in an ice cave)

   [amulet of guardian spirit]

   It causes incoming damage to be divided between your reserves of health and
   magic.
   Str:       It affects your strength (+6).
 R - an amulet of regeneration
 S - an amulet of reflection
Wands
 e - a wand of digging (1)
 g - a wand of acid (4)
 n - a wand of iceblast (9)
 u - a wand of flame (14)
Scrolls
 f - 5 scrolls of fear
 i - 13 scrolls of teleportation
 j - 12 scrolls of identify
 m - a scroll of enchant weapon
 p - 3 scrolls of fog
 q - 5 scrolls of magic mapping
 y - 9 scrolls of immolation
 A - 2 scrolls of blinking
 D - a scroll of enchant armour
 E - 2 scrolls of silence
 T - 6 scrolls of poison
Potions
 k - 4 potions of might
 r - 18 potions of curing
 t - 8 potions of flight
 w - 9 potions of heal wounds
 z - 2 potions of resistance
 H - 2 potions of mutation
 L - 2 potions of invisibility
 N - 3 potions of berserk rage
 X - 8 potions of haste


   Skills:
 + Level 22.5 Fighting
 + Level 23.2 Long Blades
 + Level 21.1 Armour
 + Level 9.0 Dodging
 + Level 3.5 Stealth
 + Level 26.5 Shields
 + Level 3.7 Invocations
 + Level 0.6 Evocations


You had 20 spell levels left.
You didn't know any spells.
Your spell library contained the following spells:

 Spells                   Type           Power      Damage    Failure   Level
 Beastly Appendage        Tmut           0%         N/A       77%         1
 Freeze                   Ice            0%         1d3       77%         1
 Kiss of Death            Conj/Necr      0%         2d5       77%         1
 Magic Dart               Conj           0%         1d3       77%         1
 Sandblast                Erth           0%         2d4       77%         1
 Slow                     Hex            0%         N/A       77%         1
 Sting                    Tmut/Pois      0%         1d3       77%         1
 Cigotuvi's Dreadful Rot  Necr/Pois/Air  0%         N/A       88%         2
 Ensorcelled Hibernation  Hex/Ice        0%         N/A       88%         2
 Lesser Beckoning         Tloc           0%         N/A       88%         2
 Passwall                 Tmut/Erth      0%         N/A       88%         2
 Poisonous Vapours        Pois/Air       0%         N/A       88%         2
 Searing Ray              Conj           0%         2d4       88%         2
 Static Discharge         Conj/Air       0%         2-2/arc   88%         2
 Wereblood                Tmut           0%         N/A       88%         2
 Confusing Touch          Hex            0%         N/A       98%         3
 Frozen Ramparts          Ice            0%         1d1       98%         3
 Gell's Gravitas          Tloc           0%         N/A       98%         3
 Ignite Poison            Fire/Tmut/Pois 0%         N/A       98%         3
 Mephitic Cloud           Conj/Pois/Air  0%         N/A       98%         3
 Ozocubu's Armour         Ice            0%         N/A       98%         3
 Portal Projectile        Hex/Tloc       0%         N/A       98%         3
 Spider Form              Tmut/Pois      0%         N/A       98%         3
 Stone Arrow              Conj/Erth      0%         3d7       98%         3
 Swiftness                Air            0%         N/A       98%         3
 Teleport Other           Tloc           0%         N/A       98%         3
 Vampiric Draining        Necr           0%         2d6       98%         3
 Anguish                  Hex/Necr       0%         N/A       100%        4
 Cause Fear               Hex            0%         N/A       100%        4
 Dispel Undead            Necr           0%         3d6       100%        4
 Fulminant Prism          Conj/Hex       0%         3d5       100%        4
 Leda's Liquefaction      Hex/Erth       0%         N/A       100%        4
 Olgreb's Toxic Radiance  Pois           0%         N/A       100%        4
 Petrify                  Tmut/Erth      0%         N/A       100%        4
 Arcjolt                  Conj/Air       0%         1d10      100%        5
 Borgnjor's Vile Clutch   Necr/Erth      0%         N/A       100%        5
 Freezing Cloud           Conj/Ice/Air   0%         6-21      100%        5
 Metabolic Englaciation   Hex/Ice        0%         N/A       100%        5
 Dispersal                Tloc           0%         N/A       100%        6
 Starburst                Conj/Fire      0%         6d3       100%        6
 Statue Form              Tmut/Erth      0%         N/A       100%        6
 Enfeeble                 Hex            0%         N/A       100%        7
 Ozocubu's Refrigeration  Ice            0%         4d7       100%        7
 Discord                  Hex            0%         N/A       100%        8
 Ignition                 Fire           0%         3d3       100%        8
 Lehudib's Crystal Spear  Conj/Erth      0%         10d2      100%        8
 Call Imp                 Summ           Unusable   N/A       N/A         2
 Call Canine Familiar     Summ           Unusable   N/A       N/A         3
 Animate Armour           Summ/Erth      Unusable   N/A       N/A         4
 Animate Dead             Necr           Unusable   N/A       N/A         4
 Summon Lightning Spire   Summ/Air       Unusable   N/A       N/A         4
 Death Channel            Necr           Unusable   N/A       N/A         6
 Simulacrum               Ice/Necr       Unusable   N/A       N/A         6
 Dragon's Call            Summ           Unusable   N/A       N/A         9

Dungeon Overview and Level Annotations

Branches:
Dungeon (15/15)            Temple (1/1) D:7            Lair (5/5) D:8
 Shoals (4/4) Lair:2        Snake (4/4) Lair:3        Slime (0/5) Lair:4
    Orc (2/2) D:10            Elf (3/3) Orc:2        Vaults (4/5) D:13
  Crypt (0/3) Vaults:3     Depths (0/4) D:15         Bailey (visited)
  IceCv (visited)         Gauntlet (visited)

Altars:
Ashenzari
Cheibriados
Dithmenos
Elyvilon
Fedhas
Gozag
Hepliaklqana
Kikubaaqudgha
Makhleb
Nemelex Xobeh
Okawaru
Qazlal
Ru
Sif Muna
Uskayaw
Wu Jian
Xom
Zin
Jiyva

Shops:
D:4 *   Orc:1 ***   Orc:2 ([*:   Elf:3 *   Shoals:1 :   Snake:3 [?   Vaults:4 =

Annotations:
Lair:3 Casa
Elf:2 3 runed translucent doors


Innate Abilities, Weirdness & Mutations

You have a pair of horns on your head.
You reflexively headbutt those who attack you in melee.


Message History

The vault warden is engulfed in blazing flames.
Flame seeps out of the vault warden.
The vault guard is engulfed in blazing flames.
Flame seeps out of the vault guard.
You block the vault guard's attack.
The vault guard is engulfed in blazing flames.
Flame seeps out of the vault guard.
The vault guard hits you with a +1 war axe of freezing!
* * * LOW HITPOINT WARNING * * *
The vault guard freezes you.
* * * LOW HITPOINT WARNING * * *
The tentacled monstrosity tentacle-slaps you but does no damage. x2
You block the tentacled monstrosity's attack.
The tentacled monstrosity constricts you.
You feel much better.
You are engulfed in blazing flames.
The titan is engulfed in blazing flames.
Flame seeps out of the titan.
The vault guard is engulfed in blazing flames.
Flame seeps out of the vault guard.
The vault guard hits you with a +0 great sword!!
* * * LOW HITPOINT WARNING * * *
The vault guard is engulfed in blazing flames.
Flame seeps out of the vault guard.
You block the vault guard's attack.
The vault guard hits you but does no damage.
The vault guard is engulfed in blazing flames.
Flame seeps out of the vault guard.
The vault guard hits you with a +1 war axe of freezing.
* * * LOW HITPOINT WARNING * * *
The tentacled monstrosity tentacle-slaps you!
* * * LOW HITPOINT WARNING * * *
You block the tentacled monstrosity's attack.
The tentacled monstrosity tentacle-slaps you but does no damage.
The tentacled monstrosity constricts you.
You feel much better.
You are engulfed in blazing flames.
* * * LOW HITPOINT WARNING * * *
The deep elf sorcerer barely misses you.
You furiously retaliate!
You headbutt the deep elf sorcerer!!
Flame seeps out of the deep elf sorcerer.
The tengu reaver screams, "Help!"
The titan hits you!!
You die...

.### #....# .#
.#.##....#...
...#p..p#.p.
......p....
#####....W.p.##
........pp.....
......Xep<.....
...p..p@p.<.p..
......ZCpp.....
#####.°°§..p.##
.p..p.....Q#
....#..pp#..#
......#p...# ..
#.....#....# .
##....#....#


You could see a tentacled monstrosity (inner flame), a titan (inner flame), a
vault warden (inner flame, soul bound, fleeing), a tengu reaver (inner flame,
soul bound, fleeing), 18 vault guards, a deep elf sorcerer (fast, inner flame,
soul bound), a phantasmal warrior (inner flame), a necromancer (inner flame,
fleeing) and a vault guard simulacrum.

Vanquished Creatures
  Bai Suzhen (Snake:3)
  The ghost of Lukheov the Peltast, a veteran DrWn of Okawaru (Vaults:3)
  Nikola (Snake:3)
  A bone dragon (Vaults:3)
  A tentacled monstrosity (Snake:2)
  2 quicksilver dragons
  3 deep elf master archers (Elf:3)
  A deep elf blademaster (Elf:3)
  A lich (Vaults:4)
  A kraken (Shoals:2)
  2 thorn hunters (Snake:1)
  A storm dragon (Vaults:1)
  2 azure jellies (IceCv)
  Donald (Vaults:2)
  Roxanne (Shoals:4)
  Ilsuiw (Shoals:2)
  2 frost giants (Vaults:4)
  4 nagarajas
  3 vault wardens
  5 deep elf sorcerers
  4 deep elf elementalists (Elf:3)
  6 orc warlords
  13 ironbound preservers
  2 quicksilver oozes (IceCv)
  8 very ugly things
  The ghost of Cicylist the Cleaver, a journeyman FoFi of Okawaru (D:14)
  2 war gargoyles (Vaults:1)
  4 deep elf demonologists
  4 ironbound thunderhulks
  2 minotaurs
  A stone giant (Vaults:3)
  Azrael (Orc:1)
  16 deep elf annihilators
  7 dire elephants (Vaults:2)
  11 merfolk impalers
  An ettin (Orc:1)
  8 deep elf death magi (Elf:3)
  The ghost of P0WERM0DE the Fighter, a journeyman DsCK of Xom (D:10)
  The ghost of Fiha the Thaumaturge, a journeyman VSTm of Dithmenos (Lair:4)
  8 merfolk javelineers
  5 deep elf high priests
  16 yaktaur captains
  10 great orbs of eyes
  Erolcha (D:10)
  13 hydras
  2 rakshasas (D:15)
  6 vault guards
  An ogre mage (D:13)
  5 catoblepae
  13 centaur warriors
  2 peacekeepers (Vaults:1)
  4 merfolk avatars (Shoals:4)
  6 salamander tyrants (Snake:4)
  3 ironbound frosthearts
  3 boulder beetles
  7 anacondas
  3 alligator snapping turtles
  2 alligators (Snake:2)
  8 two-headed ogres
  2 death scarabs (Gauntlet)
  6 merfolk aquamancers
  13 dancing weapons
  10 death yaks
  13 naga warriors
  A deep troll earth mage (Vaults:1)
  7 shock serpents
  Urug (Elf:2)
  3 tengu warriors
  12 naga sharpshooters
  10 orc high priests
  Sonja (Lair:1)
  14 deep elf knights
  4 salamander mystics
  3 skysharks
  3 goliath frogs (Snake:2)
  3 skeletal warriors
  A sea snake (shapeshifter) (Elf:3)
  47 deep trolls
  15 sea snakes
  A death drake (shapeshifter) (Vaults:4)
  2 glowing orange brains
  23 deep elf archers
  Pikel (D:8)
  A swamp dragon (Snake:2)
  11 lindwurms
  6 naga ritualists
  23 deep elf zephyrmancers
  17 orc knights
  37 harpies
  6 wizards
  18 ironbound convokers
  2 necromancers
  32 ugly things
  A wolf spider (shapeshifter) (Vaults:4)
  31 deep elf pyromancers
  5 mana vipers
  9 orc sorcerers
  A shining eye (shapeshifter) (D:15)
  8 manticores
  A tengu skeleton (Vaults:3)
  16 salamanders
  11 cyclopes
  42 black mambas
  5 merfolk sirens
  3 torpor snails
  3 ice statues (IceCv)
  12 elephants
  4 water nymphs
  7 guardian serpents (Snake:4)
  20 naga magi
  19 cane toads
  Maggie (D:8)
  13 vault sentinels
  2 unseen horrors (D:12)
  2 gargoyles
  4 centaur skeletons (D:13)
  A rime drake (Lair:3)
  27 yaktaurs
  An elf skeleton (Vaults:3)
  Psyche (D:12)
  2 ice devils (Lair:3)
  12 komodo dragons
  A hellion (Gauntlet)
  7 trolls
  5 hornets
  2 tyrant leeches (Snake:2)
  35 merfolk
  2 polar bears
  A wind drake (shapeshifter) (D:12)
  4 meliai
  8 wind drakes
  12 blink frogs
  10 snapping turtles
  A spectral dream sheep (Gauntlet)
  A jumping spider (shapeshifter) (Elf:2)
  45 slime creatures
  A slime creature (shapeshifter) (D:13)
  A jumping spider (D:9)
  3 vampires
  3 shadows
  5 wyverns
  4 wraiths
  3 air elementals
  5 water elementals
  Eustachio (D:4)
  54 yaks
  2 basilisks
  A redback simulacrum (D:11)
  2 redbacks (D:9)
  6 vampire mosquitoes
  4 fire elementals
  A human simulacrum (Vaults:3)
  3 wargs
  Menkaure (D:6)
  5 swamp worms (Snake:2)
  A spectral cane toad (Gauntlet)
  32 nagas
  11 water moccasins
  3 acid dragons
  6 hell hounds
  6 great orb of eyes simulacra (IceCv)
  38 orc warriors
  4 ice beasts
  4 black bears (D:6)
  7 ogres
  9 boggarts
  10 wolves
  9 centaurs
  7 kobold brigands
  2 slime creature simulacra (IceCv)
  3 gnoll sergeants
  3 earth elementals
  3 scorpions
  17 bullfrogs
  A glowing shapeshifter simulacrum (IceCv)
  A hornet simulacrum (D:13)
  11 wights
  11 killer bees
  An electric eel (Lair:2)
  6 howler monkeys
  8 lava snakes
  3 jellies
  A hound (D:6)
  16 orc priests
  A sleepcap (D:4)
  2 gnoll boudas
  Terence (D:2)
  34 orc wizards
  6 shapeshifter simulacra (IceCv)
  A mummy (D:4)
  37 gnolls
  4 adders
  2 shadow imps
  A worm (D:4)
  3 dart slugs (D:1)
  90 orcs
  4 ball pythons
  8 endoplasms
  4 giant cockroaches
  13 goblins
  9 hobgoblins
  45 kobolds
  A quokka (D:5)
  4 bats
  2 frilled lizards
  7 rats
  2 tentacles (Shoals:2)
1613 creatures vanquished.

Vanquished Creatures (others)
  A deep elf high priest (Elf:3)
  2 deep elf knights
  A deep elf zephyrmancer (Elf:1)
  A water elemental (Elf:2)
  2 nagas (Snake:4)
  2 orc wizards
  An orc (Orc:2)
  7 tentacles (Shoals:2)
17 creatures vanquished.

Grand Total: 1630 creatures vanquished

Notes
Turn   | Place    | Note
-------+----------+-------------------------------------------
     0 | D:1      | Peloso the Minotaur Fighter began the quest for the Orb.
     0 | D:1      | Reached XP level 1. HP: 19/19 MP: 0/0
   113 | D:1      | Reached XP level 2. HP: 27/27 MP: 1/1
   280 | D:1      | Reached skill level 4 in Shields
   609 | D:1      | Reached XP level 3. HP: 30/33 MP: 2/2
   929 | D:2      | Noticed Terence
   956 | D:2      | Killed Terence
   957 | D:2      | Reached XP level 4. HP: 30/40 MP: 3/3
  1083 | D:2      | Found the +7 Throatcutter {drain, coup de grace}
  1134 | D:2      | Identified the +4 robe of Shielding {rF+ Will+}
  1594 | D:3      | Found a blossoming altar of Fedhas.
  1738 | D:3      | Found a hide-covered altar of Uskayaw.
  1817 | D:3      | Reached XP level 5. HP: 46/46 MP: 4/4
  2111 | D:3      | Noticed a +0 hand axe
  2111 | D:3      | Noticed a +0 hand axe
  2392 | D:4      | Reached skill level 5 in Armour
  2398 | D:4      | Reached skill level 1 in Stealth
  2527 | D:4      | Reached XP level 6. HP: 50/52 MP: 5/5
  2612 | D:4      | Reached skill level 5 in Long Blades
  2722 | D:4      | Found a snail-covered altar of Cheibriados.
  2765 | D:4      | Found Jatwyfro's Assorted Antiques.
  2790 | D:4      | Reached skill level 1 in Dodging
  3196 | D:4      | Noticed Eustachio
  3207 | D:4      | Killed Eustachio
  3208 | D:4      | Reached XP level 7. HP: 51/60 MP: 6/6
  3569 | D:5      | Entered Level 5 of the Dungeon
  4306 | D:5      | Identified the +4 dagger of Juycakle {flame, rPois rC+
                  | rCorr Int-4}
  4377 | D:5      | Reached skill level 5 in Fighting
  4548 | D:5      | Noticed a hornet
  4554 | D:5      | Killed a hornet
  4555 | D:5      | Reached XP level 8. HP: 58/68 MP: 7/7
  5041 | D:4      | Bought a dazzling chain mail for 171 gold pieces
  5041 | D:4      | Identified the +0 chain mail "Agimupn" {rPois Will+ Int+2}
                  | (You bought it in a shop on level 4 of the Dungeon)
  5053 | D:4      | Bought a scroll labelled AFEUDE ECUPN for 18 gold pieces
  5053 | D:4      | Bought a scroll labelled VAUNO PUKEWKETWISH for 18 gold
                  | pieces
  5321 | D:6      | Noticed Menkaure
  5325 | D:6      | Killed Menkaure
  5377 | D:6      | Reached XP level 9. HP: 74/75 MP: 8/8
  5730 | D:6      | Reached skill level 10 in Long Blades
  5736 | D:6      | Reached skill level 5 in Shields
  6413 | D:7      | Noticed a cyclops
  6548 | D:7      | Found a staircase to the Ecumenical Temple.
  6564 | Temple   | Entered the Ecumenical Temple
  6608 | Temple   | Became a worshipper of Warmaster Okawaru
  7025 | D:8      | Noticed Maggie
  7041 | D:8      | Killed Maggie
  7083 | D:8      | Noticed Pikel
  7093 | D:8      | Killed Pikel
  7094 | D:8      | Reached skill level 10 in Armour
  7094 | D:8      | Reached XP level 10. HP: 68/86 MP: 9/9
  7097 | D:8      | Reached * piety under Okawaru
  7122 | D:8      | Found a staircase to the Lair.
  7191 | D:8      | Found a flagged portal.
  7204 | Bailey   | Entered a bailey
  7245 | Bailey   | Noticed an orc knight
  7282 | Bailey   | Killed an orc knight
  8039 | D:8      | Paralysed by a hornet for 2 turns
  8045 | D:8      | Reached skill level 6 in Shields
  8100 | D:8      | Reached ** piety under Okawaru
  8261 | D:8      | Found a shimmering altar of Xom.
  8952 | D:9      | Found a transporter.
  8958 | D:9      | Found a transporter.
  8977 | D:9      | Found a transporter.
  9209 | D:9      | Reached *** piety under Okawaru
  9277 | D:9      | Reached XP level 11. HP: 89/94 MP: 10/10
  9301 | D:9      | Paralysed by a hornet for 1 turns
  9305 | D:9      | Paralysed by a hornet for 1 turns
  9743 | D:9      | Found a runed translucent door.
  9842 | D:9      | Found a transporter.
  9934 | D:10     | Entered Level 10 of the Dungeon
  9934 | D:10     | Noticed Erolcha
  9945 | D:10     | Killed Erolcha
  9945 | D:10     | Reached **** piety under Okawaru
  9982 | D:10     | Found a glowing silver altar of Zin.
 10002 | D:10     | Received a gift from Okawaru
 10047 | D:10     | Found a shimmering blue altar of Sif Muna.
 10055 | D:10     | Reached skill level 7 in Shields
 10131 | D:10     | Noticed P0WERM0DE's ghost (journeyman DsCK)
 10195 | D:10     | Found a runed translucent gate.
 10196 | D:10     | Found a runed translucent gate.
 10197 | D:10     | Found a runed translucent gate.
 10539 | D:10     | Found a staircase to the Orcish Mines.
 10622 | D:10     | Identified the +6 ring mail "Ynidag" {Harm Fly rC+}
 10743 | D:10     | Noticed a green ugly thing
 10749 | D:10     | Killed a green ugly thing
 10799 | D:10     | Noticed a two-headed ogre
 10809 | D:10     | Killed a two-headed ogre
 11433 | D:11     | Reached skill level 1 in Invocations
 11672 | D:11     | Noticed a two-headed ogre
 11682 | D:11     | Killed a two-headed ogre
 11919 | D:11     | Reached ***** piety under Okawaru
 11956 | D:11     | Reached skill level 10 in Fighting
 12508 | Lair:1   | Entered Level 1 of the Lair of Beasts
 12565 | Lair:1   | Reached skill level 8 in Shields
 12657 | Lair:1   | Reached XP level 12. HP: 76/107 MP: 12/12
 12780 | Lair:1   | Found an ornate altar of the Wu Jian Council.
 12983 | Lair:1   | Received a gift from Okawaru
 13009 | Lair:1   | Noticed Sonja
 13015 | Lair:1   | Killed Sonja
 13226 | Lair:1   | Noticed a five-headed hydra
 13233 | Lair:1   | Killed a one-headed hydra
 13234 | Lair:1   | Reached skill level 9 in Shields
 13520 | Lair:1   | Identified the +5 chain mail of the Baleful Wumpus {rElec
                  | Int+4}
 13954 | Lair:2   | Reached skill level 15 in Long Blades
 14048 | Lair:2   | Identified the +1 plate armour of the Game of Kings {rPois
                  | rC+++ Dex-5 Slay+6} (Okawaru gifted it to you on level 2 of
                  | the Lair of Beasts)
 14048 | Lair:2   | Received a gift from Okawaru
 14457 | Lair:2   | Found a staircase to the Shoals.
 14467 | Lair:2   | Reached skill level 10 in Shields
 15283 | Lair:3   | Found a frozen archway.
 15307 | IceCv    | Entered an ice cave
 15381 | IceCv    | Reached XP level 13. HP: 116/118 MP: 11/13
 15386 | IceCv    | Got Kulaahifaw's Incunabulum of Graupel
 15429 | IceCv    | Noticed a quicksilver ooze
 15438 | IceCv    | Killed a quicksilver ooze
 15545 | IceCv    | Reached skill level 11 in Shields
 15741 | IceCv    | Noticed a quicksilver ooze
 15754 | IceCv    | Killed a quicksilver ooze
 16020 | IceCv    | Found a viscous altar of Jiyva.
 16020 | IceCv    | Noticed an azure jelly
 16031 | IceCv    | Killed an azure jelly
 16033 | IceCv    | Noticed an azure jelly
 16040 | IceCv    | Killed an azure jelly
 16040 | IceCv    | Received a gift from Okawaru
 16179 | IceCv    | Identified the amulet "Dinli" {Spirit Str+6}
 16294 | Lair:3   | Found a staircase to the Snake Pit.
 16723 | Lair:3   | You are sucked into a shaft and drop 1 floor!
 17346 | Lair:4   | Reached ****** piety under Okawaru
 17384 | Lair:4   | Found a viscous altar of Jiyva.
 17384 | Lair:4   | Found a staircase to the Slime Pits.
 17411 | Lair:4   | Reached skill level 12 in Shields
 17421 | Lair:4   | Reached skill level 15 in Armour
 17432 | Lair:4   | Reached skill level 5 in Dodging
 17755 | Lair:4   | Identified the +0 cloak of the Tired Blessings {Str+3
                  | Dex+2} (Okawaru gifted it to you on level 4 of the Lair of
                  | Beasts)
 17755 | Lair:4   | Received a gift from Okawaru
 18100 | Lair:4   | Found a runed translucent door.
 18100 | Lair:4   | Noticed Fiha's ghost (journeyman VSTm)
 18697 | D:9      | Reached XP level 14. HP: 129/129 MP: 12/14
 18697 | D:9      | Identified the +1 hat of the Ageless Teeth {MP+9 Dex+5}
 18711 | D:9      | Found a runed translucent gate.
 18711 | D:9      | Found a runed translucent gate.
 18711 | D:9      | Found a runed translucent gate.
 18711 | D:9      | Found a runed translucent gate.
 18716 | D:9      | Found a runed translucent gate.
 18718 | D:9      | Found a runed translucent gate.
 19013 | D:12     | Reached skill level 13 in Shields
 19035 | D:12     | Noticed a green very ugly thing
 19383 | Orc:1    | Entered Level 1 of the Orcish Mines
 19469 | Orc:2    | Entered Level 2 of the Orcish Mines
 19469 | Orc:2    | Noticed Azrael
 19493 | Orc:1    | Killed Azrael
 20359 | Orc:2    | Paralysed by an orc sorcerer for 4 turns
 20595 | Orc:2    | Found a staircase to the Elven Halls.
 20628 | Orc:2    | Noticed an orc warlord
 20939 | Orc:1    | Killed an orc warlord
 21550 | Orc:2    | Identified the +6 double sword of Jecuegh {flame, Contam
                  | rPois rN++ Str-5 SInv} (Okawaru gifted it to you on level 2
                  | of the Orcish Mines)
 21550 | Orc:2    | Received a gift from Okawaru
 21662 | Orc:2    | Reached skill level 14 in Shields
 21840 | Orc:2    | Found Cihutef's Antique Armour Boutique.
 21841 | Orc:2    | Found Muitzakh's Antique Weapon Boutique.
 21843 | Orc:2    | Found Disyide's General Store.
 21843 | Orc:2    | Found Uxenalou's Book Shop.
 21854 | Orc:2    | Bought a faintly glowing falchion for 232 gold pieces
 21854 | Orc:2    | Identified the +0 falchion of Buohei {holy, rPois rF+ rCorr
                  | Str-4} (You bought it in a shop on level 2 of the Orcish
                  | Mines)
 22003 | Orc:1    | Noticed an orc warlord
 22052 | Orc:1    | Found Otseang's Specific Store.
 22088 | Orc:1    | Killed an orc warlord
 22089 | Orc:1    | Found Uzxeo's General Store.
 22101 | Orc:1    | Found Yliq Somer's Gadget Gallery.
 22143 | Orc:1    | Bought a scroll of identify for 24 gold pieces
 22785 | D:12     | Killed a green very ugly thing
 23395 | D:12     | Noticed Psyche
 23398 | D:12     | Killed Psyche
 23759 | Lair:5   | Entered Level 5 of the Lair of Beasts
 23918 | Lair:5   | Received a gift from Okawaru
 23987 | Lair:5   | Reached XP level 15. HP: 139/139 MP: 16/16
 24178 | Lair:5   | Received a gift from Okawaru
 24378 | Lair:5   | Reached skill level 15 in Shields
 24390 | Lair:5   | Reached skill level 15 in Fighting
 25113 | Lair:5   | Received a gift from Okawaru
 25169 | Lair:5   | Identified the +5 trident of Blood {flame, Dex+3 SInv}
 25665 | D:13     | Found a gate leading to a gauntlet.
 25676 | Gauntlet | Entered a Gauntlet
 25676 | Gauntlet | Found a transporter.
 25676 | Gauntlet | Found a transporter.
 25680 | Gauntlet | Found a runed translucent door.
 25682 | Gauntlet | Found a transporter.
 25684 | Gauntlet | Found a runed translucent door.
 25695 | Gauntlet | Found a transporter.
 25712 | Gauntlet | Found a transporter.
 25712 | Gauntlet | Found a transporter.
 25717 | Gauntlet | Found a transporter.
 25717 | Gauntlet | Found a transporter.
 25720 | Gauntlet | Found a transporter.
 25732 | Gauntlet | Found a transporter.
 25748 | Gauntlet | Found a transporter.
 25773 | Gauntlet | Found a transporter.
 25777 | Gauntlet | Found a transporter.
 25822 | Gauntlet | Found a transporter.
 25975 | Gauntlet | Identified the ring "Wiluism" {rElec rC+ rCorr Int+6
                  | Slay-6}
 26038 | Gauntlet | Identified the ring "Kikaovul" {rElec rPois rC+ Will++}
 26124 | Gauntlet | Identified the +2 pair of gloves of Oczytz {rN+ Will- Int+2
                  | Slay+3}
 27246 | D:4      | Bought a wand of digging (5) for 378 gold pieces
 27695 | D:13     | Reached skill level 16 in Shields
 27778 | D:13     | Received a gift from Okawaru
 27841 | D:13     | Found a glowing silver altar of Zin.
 27929 | D:13     | Found a gate to the Vaults.
 28132 | D:14     | Noticed Cicylist's ghost (journeyman FoFi)
 28273 | D:14     | Identified the +0 hat of Hide-and-Seek {Rampage} (Okawaru
                  | gifted it to you on level 14 of the Dungeon)
 28273 | D:14     | Received a gift from Okawaru
 28597 | D:14     | Found a runed translucent gate.
 28597 | D:14     | Found a runed translucent gate.
 28598 | D:14     | Found a runed translucent gate.
 28804 | D:14     | Found a shimmering blue altar of Sif Muna.
 28887 | D:15     | Entered Level 15 of the Dungeon
 29134 | D:14     | Reached XP level 16. HP: 135/151 MP: 17/17
 29388 | D:15     | Identified the staff of fire "Myicvid" {rF+ rCorr Str+2
                  | Int+2}
 29534 | D:15     | Found a staircase to the Depths.
 29783 | D:15     | Reached skill level 17 in Shields
 30602 | D:10     | Killed P0WERM0DE's ghost
 30880 | Lair:4   | Killed Fiha's ghost
 31158 | D:14     | Killed Cicylist's ghost
 31412 | Elf:1    | Entered Level 1 of the Elven Halls
 31742 | Elf:1    | Identified the +8 long sword of Misery {speed, MP+9}
 32096 | Elf:1    | Identified the +0 kite shield of Philately {+Inv Dex+3}
                  | (Okawaru gifted it to you on level 1 of the Elven Halls)
 32096 | Elf:1    | Received a gift from Okawaru
 32733 | Elf:1    | Got the Encyclopedia of United Impulse
 33883 | Elf:3    | Entered Level 3 of the Elven Halls
 33973 | Elf:3    | Reached XP level 17. HP: 163/163 MP: 18/18
 34025 | Elf:3    | Found Suosog's General Store.
 34031 | Elf:3    | Bought 2 potions of mutation for 304 gold pieces
 34124 | Elf:3    | Noticed a deep elf master archer
 34125 | Elf:3    | Noticed Urug
 34158 | Elf:3    | Reached skill level 18 in Shields
 34440 | Elf:2    | Killed Urug
 34548 | Elf:3    | Killed a deep elf master archer
 35180 | Elf:3    | Identified the +1 hat "Cigevih" {MP+9} (Okawaru gifted it
                  | to you on level 3 of the Elven Halls)
 35180 | Elf:3    | Received a gift from Okawaru
 36238 | Elf:3    | Identified the +9 great sword "Fetoc" {spect, Int+2}
 36238 | Elf:3    | Identified the ring of Cero {Wiz Int+4}
 36238 | Elf:3    | Noticed a deep elf master archer
 36467 | Elf:3    | Killed a deep elf master archer
 36547 | Elf:3    | Identified the amulet of Kucwed {Acrobat Harm Fly rElec
                  | rN+}
 36597 | Elf:3    | Noticed a deep elf master archer
 36622 | Elf:3    | Noticed an Ice Fiend
 36967 | Elf:3    | Identified the orb of the Earth {*Rage, Harm rElec Dex-5
                  | Slay+5}
 36990 | Elf:3    | Reached skill level 19 in Shields
 37125 | Elf:3    | Paralysed by an air elemental for 1 turns
 37161 | Elf:3    | Identified the +2 lajatang "Vabreess" {heavy, rPois Int+3}
 37450 | Elf:3    | Noticed a deep elf blademaster
 37454 | Elf:3    | Identified the +2 rapier "Duez" {drain, rElec rC+}
 37963 | Elf:3    | Killed a deep elf blademaster
 38192 | Elf:3    | Killed a deep elf master archer
 38464 | Elf:3    | Reached XP level 18. HP: 171/174 MP: 19/19
 38506 | Elf:3    | Got the Lessons on the Torch and Adjuration
 38996 | Snake:1  | Entered Level 1 of the Snake Pit
 39178 | Snake:1  | Received a gift from Okawaru
 39502 | Snake:1  | Identified the +5 plate armour "Repopik" {rPois Str+3
                  | Slay+4 SInv}
 39929 | Snake:2  | Reached skill level 20 in Shields
 40914 | Snake:2  | Identified the +3 kite shield of Daffodils {Rampage rC+}
                  | (Okawaru gifted it to you on level 2 of the Snake Pit)
 40914 | Snake:2  | Received a gift from Okawaru
 41441 | Snake:2  | Noticed a tentacled monstrosity
 41459 | Snake:2  | Killed a tentacled monstrosity
 43043 | Elf:2    | Identified the +0 pearl dragon scales "Naalicoc" {Harm
                  | rElec rF- rN+ Dex-3}
 43339 | Elf:2    | Reached skill level 21 in Shields
 43345 | Elf:2    | Found a runed translucent gate.
 43345 | Elf:2    | Found a runed translucent gate.
 43351 | Elf:2    | Found a runed translucent gate.
 43745 | Snake:3  | Noticed Bai Suzhen
 43766 | Snake:3  | Killed Bai Suzhen
 43866 | Snake:3  | Noticed Nikola
 43877 | Snake:3  | Killed Nikola
 44032 | Snake:3  | Found Dooracea's Armour Boutique.
 44037 | Snake:3  | Found Poonimn's Magic Scroll Shop.
 44043 | Snake:3  | Bought a scroll of blinking for 112 gold pieces
 44365 | Snake:3  | Received a gift from Okawaru
 44738 | Shoals:1 | Entered Level 1 of the Shoals
 44779 | Shoals:1 | Found Woli's Vocational Training.
 44905 | Shoals:1 | Reached XP level 19. HP: 174/184 MP: 20/20
 45099 | Shoals:1 | Identified the +2 robe of Baldness {rElec Dex+2 SInv}
 45792 | Shoals:2 | Noticed Ilsuiw
 45841 | Shoals:2 | Killed Ilsuiw
 46960 | Shoals:3 | Reached skill level 22 in Shields
 47704 | Shoals:4 | Entered Level 4 of the Shoals
 47744 | Shoals:4 | Identified the +1 scale mail of Absolutism {MP+9 Dex+4}
                  | (Okawaru gifted it to you on level 4 of the Shoals)
 47744 | Shoals:4 | Received a gift from Okawaru
 48826 | Shoals:4 | Got a barnacled rune of Zot
 49085 | Shoals:4 | Noticed Roxanne
 49107 | Shoals:4 | Killed Roxanne
 49918 | Snake:4  | Entered Level 4 of the Snake Pit
 50037 | Snake:4  | Reached skill level 23 in Shields
 50406 | Snake:4  | Received a gift from Okawaru
 50893 | Snake:4  | Reached XP level 20. HP: 118/195 MP: 20/21
 52599 | Snake:4  | Got a serpentine rune of Zot
 53360 | Vaults:1 | Entered Level 1 of the Vaults
 53444 | Vaults:1 | Identified the +3 battleaxe "Jyfoti" {protect, Contam Str+6
                  | Int-3}
 53501 | Vaults:1 | Received a gift from Okawaru
 53763 | Vaults:1 | Reached skill level 24 in Shields
 55211 | Vaults:2 | Received a gift from Okawaru
 55649 | Vaults:2 | Noticed Donald
 55658 | Vaults:2 | Killed Donald
 55932 | Vaults:2 | Reached XP level 21. HP: 203/206 MP: 22/22
 56466 | Vaults:3 | Identified the +0 ring mail "Gashrun" {rF- Int+7 Dex+2
                  | Stlth-} (Okawaru gifted it to you on level 3 of the Vaults)
 56466 | Vaults:3 | Received a gift from Okawaru
 56467 | Vaults:3 | Reached skill level 25 in Shields
 57010 | Vaults:3 | Found a staircase to the Crypt.
 57128 | Vaults:3 | Found a runed translucent gate.
 57128 | Vaults:3 | Found a runed translucent gate.
 57128 | Vaults:3 | Noticed Lukheov's ghost (veteran DrWn)
 57129 | Vaults:3 | Found a runed translucent gate.
 57733 | Vaults:3 | Identified the ring of Kianodown {Ice rElec Int+2 Dex+2}
 58078 | Vaults:3 | Killed Lukheov's ghost
 58349 | Vaults:3 | Identified the +2 cloak "Sidiasyut" {MP+9}
 58547 | Vaults:4 | Reached skill level 26 in Shields
 58890 | Vaults:4 | Found Mura's Jewellery Emporium.
 59153 | Vaults:4 | Received a gift from Okawaru
 60259 | Vaults:5 | Entered Level 5 of the Vaults
 60488 | Vaults:5 | Slain by a titan

Illustrated notes

Levels and vault maps discovered:
D:1:      eino_arrival_cavern_b, layout_loops_cross, minmay_pentomino_t2
D:2:      layout_basic, hangedman_decor_points, uniq_terence
D:3:      layout_loops_ring, dancing_weapons_uskayaw, fedhas_ov_isle_minmay,
          kennysheep_generic_room_8
D:4:      layout_basic, chei_slow_surprise, serial_shops,
          nicolae_take_the_stairs, serial_bayou_pond_e, uniq_eustachio
D:5:      layout_basic
D:6:      layout_basic, small_statue_intersection, kennysheep_minor_cross,
          nrook_campfire, grunt_decor_one_mirror, uniq_menkaure
D:7:      layout_basic, minmay_temple_entry_hall, serial_curves, eino_curves_03,
          eino_curves_02, eino_curves_02, lightli_corner_chamber
D:8:      layout_basic, lemuel_round_altar, dpeg_oklobed_lair, enter_bailey_4,
          small_chamber_with_monster, uniq_maggie, uniq_pikel
D:9:      gammafunk_indiana_jones, layout_rooms, grunt_ministairs_12,
          nicolae_transporter_intersection
D:10:     minmay_weird_star, layout_loops_ring,
          mainiacjoe_overflow_catch_the_wave, orc_0_dummy,
          gammafunk_ghost_split, kennysheep_generic_room_13, uniq_erolcha
D:11:     layout_irregular_city, nicolae_lava_and_water,
          small_statue_intersection, serial_bayou_crossing
D:12:     layout_loops_cross, minmay_checkerbox, uniq_psyche
D:13:     layout_big_octagon, hangedman_vaults_entry_quadrant_bands,
          serial_rivers, chequers_serial_rivers_small_a,
          chequers_serial_rivers_micro_c, chequers_serial_rivers_small_a,
          chequers_serial_rivers_marsh, chequers_serial_rivers_micro_e,
          gauntlet_entry_generic, zin_scriptorium
D:14:     layout_loops_ring, maelrawn_ghost_gauntlet_escape,
          serial_park_square2, tgw_sif
D:15:     gammafunk_enter_depths_forms, layout_long_grid
Temple:   nicolae_temple_superstar
Lair:1:   cheibrodos_lair_river_kwai, layout_regular_city, lemuel_centaur_altar,
          uniq_sonja
Lair:2:   layout_gridlike, minmay_shoals_entry_hut, amcnicky_mini_pool_medium,
          serial_bayou_shore_b, grunt_megastairs_1
Lair:3:   layout_gridlike, guppyfry_snake_entry_garden,
          portal_ice_cave_demonic_guard, chequers_serial_rivers_small_a
Lair:4:   layout_roguey, minmay_slime_entry_pillars, ebering_ghost_inner_flame,
          serial_bayou_shore_b
Lair:5:   evilmike_catoblepas_cave, layout_misc_corridors, st_stairs_7,
          minivault_19
Shoals:1: layout_shoals, nicolae_shop_vocational
Shoals:2: layout_shoals, uniq_ilsuiw
Shoals:3: layout_shoals
Shoals:4: shoals_end_simple, layout_shoals, shoals_ilsuiw_ice, uniq_roxanne
Snake:1:  layout_onion, nicolae_snake_flat_spine
Snake:2:  onia_ninara_swampy_vault, layout_basic
Snake:3:  layout_concentric_octagons, minmay_shoptagon, uniq_bai_suzhen,
          uniq_nikola
Snake:4:  hellmonk_snake_rune_quicksilver_temple, layout_basic
Orc:1:    layout_caves, nicolae_specific_store, nicolae_shop_gadgets
Orc:2:    st_orc_congregation, layout_caves, lightli_orcish_oven, uniq_azrael
Elf:1:    layout_geoelf_octagon, minmay_elf_sorcery, minivault_23
Elf:2:    elven_hall_of_blades_hangedman_original [nicolae_blade_little_rooms],
          layout_loops_cross
Elf:3:    nooodl_elf_gasket, layout_loops_corners, serial_shops,
          nicolae_shop_tiny_waterfront, elf_orc_summit_meeting
Vaults:1: nicolae_vaults_security_offices_4, nicolae_vaults_network_star,
          nicolae_vaults_diagonal_hallway_7, nicolae_vaults_double_plus_1,
          nicolae_vaults_little_squares_1, nicolae_vaults_trapezoid_lopsided_1,
          v_misc_8, grunt_vaults_focal, ontoclasm_vaults_chip,
          vaults_dpeg_diagonal, layout_vaults_omnigrid
Vaults:2: nicolae_vaults_turnstiles, hangedman_vaults_stitches,
          nicolae_vaults_closet_pinwheel_6, vaults_room_door_ring,
          hangedman_vaults_snaps, vaults_dpeg_emergency_exit,
          nicolae_vaults_lopsided_apartments, ontoclasm_vaults_chip,
          nicolae_vaults_theta, nicolae_vaults_tetromino_L_2, v_rooms_4,
          grunt_vaults_hallway_long, ontoclasm_vaults_loading_screen,
          layout_vaults_omnicross, uniq_donald
Vaults:3: biasface_ghost_orc_armoury, v_pattern_3,
          nicolae_vaults_ring_of_whatevers, minmay_crypt_entry_nasty_monster,
          nicolae_vaults_what_the_h, v_rooms_2, nicolae_vaults_little_squares_4,
          hangedman_vaults_cutoff, nicolae_vaults_little_squares_3,
          nicolae_vaults_mini_display_case, nicolae_vaults_alarming,
          nicolae_vaults_two_Ls, nicolae_vaults_diamond_2,
          vaults_room_stairs_pillars, nicolae_vaults_diamond_1,
          ontoclasm_vaults_pinch, layout_vaults_omnibox
Vaults:4: nicolae_vaults_puzzle_piece, ontoclasm_vaults_bender,
          vaults_room_fancy_cross, ontoclasm_vaults_hangar,
          nicolae_vaults_network_barrier, nicolae_vaults_network_square,
          vaults_room_corners, ontoclasm_vaults_tryst,
          nicolae_vaults_closet_pinwheel_2, serial_ice_m, v_misc_27,
          nicolae_vaults_cochlea, layout_vaults_ring, serial_shops,
          nicolae_shop_back_alley_shop
Vaults:5: serial_shops

Skill      XL: |  1  2  3  4  5  6  7  8  9 10 11 12 13 14 15 16 17 18 19 20 21 |
---------------+----------------------------------------------------------------+-----
Shields        | 4 5 6 8 10 12 14 16 17 19 21 23 24 26 | 26.5
Armour         | 4 5 6 7 8 10 11 12 13 15 16 17 18 19 20 21 | 21.1
Fighting       | 4 5 7 8 10 12 13 14 16 17 18 19 20 21 22 | 22.5
Long Blades    | 3 4 6 8 9 11 13 14 15 16 17 18 19 20 21 22 23 | 23.2
Stealth        | 1 2 3 |  3.5
Dodging        | 1 2 3 4 5 6 7 8 9 |  9.0
Invocations    | 1 2 3 |  3.7
Evocations     | |  0.6

Action                     |  1- 3 |  4- 6 |  7- 9 | 10-12 | 13-15 | 16-18 | 19-21 || total
---------------------------+-------+-------+-------+-------+-------+-------+-------++-------
  Melee: Long sword        |    68 |   101 |   167 |   668 |  1211 |  1174 |  1729 ||  5118
         Headbutt          |     9 |    10 |    14 |   136 |   348 |   336 |   581 ||  1434
         Falchion          |       |       |       |     5 |    63 |       |       ||    68
         Scimitar          |       |       |       |       |    20 |       |       ||    20
         Double sword      |       |       |       |       |       |    56 |    23 ||    79
 Invoke: Heroism           |       |       |       |     8 |    18 |     9 |     9 ||    44
  Evoke: Wand              |       |       |       |       |     5 |       |       ||     5
    Use: Scroll            |       |     4 |       |    14 |    13 |     7 |     5 ||    43
         Potion            |       |       |       |       |     3 |     2 |     2 ||     7
   Stab: Confused          |       |       |       |       |       |       |     2 ||     2
 Armour: Scale mail        |    36 |    21 |       |       |       |       |       ||    57
         Chain mail        |       |     8 |    64 |   269 |   340 |       |       ||   681
         Plate armour      |       |       |       |    12 |   135 |   512 |   762 ||  1421
  Dodge: Dodged            |    30 |    38 |    63 |   228 |   430 |   454 |   776 ||  2019
  Block: Buckler           |    18 |    19 |    35 |    59 |       |       |       ||   131
         Kite shield       |       |       |       |   219 |   810 |   898 |  1786 ||  3713
         Reflection        |       |       |       |       |       |       |    36 ||    36
